 Dungeon Crawl Stone Soup version 0.27.1-4-g1640c2035a (webtiles) character file.

Game seed: 18319986573508237838

159 Stomo444 the Grave Robber (level 5, -3/27 HPs)
             Began as a Vine Stalker Necromancer on Nov 11, 2021.
             Slain by an orc (16 damage)
             ... on level 3 of the Dungeon.
             The game lasted 00:03:07 (2427 turns).

Stomo444 the Grave Robber (VSNe)                    Turns: 2427, Time: 00:03:08

Health: -3/27      AC:  2    Str: 12    XL:     5   Next: 40%
Magic:  0/9        EV: 13    Int: 15    God:
Gold:   53         SH:  0    Dex: 14    Spells: 4/8 levels left

rFire    . . .     SeeInvis .   b - +0 dagger (venom)
rCold    . . .     Faith    .   (no shield)
rNeg     . . .     Spirit   +   a - +0 robe
rPois    .         Reflect  .   (no helmet)
rElec    .         Harm     .   (no cloak)
rCorr    .         Rampage  .   (no gloves)
Will     .....                  (no boots)
Stlth    ++........             (no amulet)
HPRegen  1.09/turn              (no ring)
MPRegen  0.11/turn              (no ring)

@: no status effects
A: fangs 2, regeneration 1, magic shield, antimagic bite, no potion heal 2
a: no special abilities


You were on level 3 of the Dungeon.
You visited 1 branch of the dungeon, and saw 3 of its levels.

You collected 53 gold pieces.

Inventory:

Hand Weapons
 b - a +0 dagger of venom (weapon)
Armour
 a - a +0 robe (worn)
Wands
 j - a wand of polymorph (9)
Scrolls
 d - a scroll of immolation {unknown}
 e - 3 scrolls of identify {unknown}
 f - a scroll of summoning {unknown}
Potions
 c - 2 potions of brilliance {unknown}
 g - a potion of heal wounds {unknown}
 h - a potion of flight {unknown}
 i - a potion of curing {unknown}


   Skills:
 + Level 2.3 Fighting
 + Level 2.3 Short Blades
 + Level 2.9 Dodging
 - Level 2.4 Stealth
 - Level 2.1 Spellcasting
 - Level 4.0 Necromancy


You had 4 spell levels left.
You knew the following spells:

 Your Spells              Type           Power      Damage    Failure   Level
a - Pain                  Necr           52%        1d6       4%          1
b - Vampiric Draining     Necr           6%         2d6       13%         3

Your spell library contained the following spells:

 Spells                   Type           Power      Damage    Failure   Level
 Animate Skeleton         Necr           26%        N/A       4%          1
 Animate Dead             Necr           6%         N/A       38%         4
 Agony                    Necr           13%        N/A       75%         5


Dungeon Overview and Level Annotations

Branches:
Dungeon (3/15)

Altars:


Innate Abilities, Weirdness & Mutations

You have extremely sharp teeth.
Your natural rate of healing is unusually fast.
When hurt, damage is shared between your health and your magic reserves.
Your bite disrupts and absorbs the magic of your enemies.
Potions cannot restore your health.


Message History

Deactivating autopickup; reactivate with Ctrl-A.
The puff of flame hits you!
You have reached level 5!
Casting: Pain (safe; 4% risk of failure)
Confirm with . or Enter, or press ? or * to list all spells.
Aiming: Pain (safe; 4% risk of failure)
Press: ? - help, Shift-Dir - straight line, f/p - orc
Aim: an orc, wielding a +3 falchion of electrocution (chance to affect: 83%) Nothing appears to happen.
Unknown command.
Casting: Pain (safe; 4% risk of failure)
Confirm with . or Enter, or press ? or * to list all spells.
Aiming: Pain (safe; 4% risk of failure)
Press: ? - help, Shift-Dir - straight line, f/p - orc
Aim: an orc, wielding a +3 falchion of electrocution (chance to affect: 83%)
You miscast Pain.
You are very lightly contaminated with residual magic.
Nothing appears to happen.
Something hits you.
Unknown command.
You hit something but do no damage. You bite something.
Something hits you but does no damage.
You hit something but do no damage.
You hear some strange, mumbled words.
A magic dart appears from out of thin air!
The magic dart hits you!
You hit something. Your bite misses something. You hit something.
Something hits you.
You hit something but do no damage. Something hits you.
* * * LOW HITPOINT WARNING * * *
Unknown command.
You hear some strange, mumbled words.
A puff of flame appears from out of thin air!
The puff of flame misses you.
You feel a bit more experienced.
Your magical contamination has completely faded away.
An orc is nearby!
The orc hits you with a +3 falchion of electrocution.
You are electrocuted!
Ouch! That really hurt!
You die...

.†...### .#P..... ..#..###
### .P#.... ..# P.# ####
#.# ..# #.# ..# #.# ..#
#..........#.#
###.#.)........#@#
....#..........#o#
#####..........#.# . #
#..........#.# ..
#..........#.# ...
#..........#.# ....
###..........#.# .....
#..)...........###......
###.......######..)o......


You could see an orc.

Vanquished Creatures
  Terence (D:3)
  2 orc wizards (D:3)
  2 adders
  2 worms (D:2)
  A dart slug (D:1)
  An orc (D:3)
  9 ball pythons
  10 bats
  7 endoplasms
  5 goblins
  4 hobgoblins
  4 kobolds
  3 quokkas
  2 frilled lizards
  4 rats
57 creatures vanquished.

Notes
Turn   | Place    | Note
-------+----------+-------------------------------------------
     0 | D:1      | Stomo444 the Vine Stalker Necromancer began the quest for
                  | the Orb.
     0 | D:1      | Reached XP level 1. HP: 9/9 MP: 4/4
    61 | D:1      | Reached XP level 2. HP: 13/14 MP: 6/6
   296 | D:1      | Found a faded altar of an unknown god.
   305 | D:1      | Reached skill level 1 in Fighting
   305 | D:1      | Reached skill level 1 in Short Blades
   542 | D:1      | Reached XP level 3. HP: 18/18 MP: 7/7
   762 | D:1      | Learned a level 3 spell: Vampiric Draining
  1728 | D:2      | Gained mutation: Your natural rate of healing is unusually
                  | fast. [Vine Stalker growth]
  1728 | D:2      | Reached XP level 4. HP: 22/22 MP: 8/8
  2243 | D:3      | Noticed Terence
  2258 | D:3      | Killed Terence
  2411 | D:3      | Reached XP level 5. HP: 17/26 MP: 2/9
  2427 | D:3      | Slain by an orc

Illustrated notes

Levels and vault maps discovered:
D:1:      dpeg_arrival_pits, layout_basic, ebering_ecumenical_altar_webs,
          st_stairs_11, dk_noncrumbling_4
D:2:      layout_loops_ring
D:3:      cheibrodos_old_hovel, layout_basic, uniq_terence

Skill      XL: |  1  2  3  4 |
---------------+-------------+-----
Fighting       | 1 2 |  2.3
Short Blades   | 1 2 |  2.3
Dodging        | 2 |  2.9
Stealth        | |  2.4
Spellcasting   | |  2.1
Necromancy     | |  4.0

Action                   |  1- 3 |  4- 6 || total
-------------------------+-------+-------++-------
Melee: Dagger            |   102 |    48 ||   150
       Bite              |    25 |     8 ||    33
 Cast: Pain              |       |     8 ||     8
       Vampiric Draining |       |     1 ||     1
 Stab: Sleeping          |     5 |     1 ||     6
Armor: Robe              |    19 |     3 ||    22
Dodge: Dodged            |    66 |    25 ||    91
